 Dungeon Crawl Stone Soup version 0.28-a0-1510-gd0f6b136d3 (webtiles) character file.

Game seed: 15745114183840464474

37 Hasart the Insei (level 3, -4/23 HPs)
             Began as an Octopode Transmuter on Jan 14, 2022.
             Slain by Sigmund (11 damage)
             ... on level 2 of the Dungeon.
             The game lasted 00:02:18 (1443 turns).

Hasart the Insei (Octopode Transmuter)              Turns: 1443, Time: 00:02:19

Health: -4/23      AC:  1    Str:  9    XL:     3   Next: 41%
Magic:  6/6        EV: 13    Int: 17    God:
Gold:   59         SH:  0    Dex: 12    Spells: 3/6 levels left

rFire   . . .      SeeInvis .     - Unarmed
rCold   . . .      Faith    .   (no shield)
rNeg    . . .      Spirit   .   (helmet currently unavailable)
rPois   .          Reflect  .   c - amulet of the acrobat
rElec   .          Harm     .   (no ring)
rCorr   .          Rampage  .   (no ring)
Will    .....                   (no ring)
Stlth   ++........              (no ring)
HPRegen 0.07/turn               (no ring)
MPRegen 0.10/turn               (no ring)
                                (no ring)
                                (no ring)

@: appendages (expiring)
A: tentacle spike 3, almost no armour, amphibious, 8 rings, camouflage 1,
gelatinous body 1, (nimble swimmer 1), tentacles
a: End Transformation


You were on level 2 of the Dungeon.
One of your tentacles had grown a beastly spike.
You visited 1 branch of the dungeon, and saw 2 of its levels.

You collected 59 gold pieces.

Inventory:

Jewellery
 c - an amulet of the acrobat (around mantle)
Scrolls
 a - a scroll of summoning {unknown}
 b - 3 scrolls of noise {unknown}
 d - a scroll of enchant weapon {unknown}


   Skills:
 + Level 1.5 Fighting
 + Level 2.4 Dodging
 * Level 3.4 Unarmed Combat
 + Level 2.2 Spellcasting
 + Level 2.3 Transmutations


You had 3 spell levels left.
You knew the following spells:

 Your Spells              Type           Power      Damage    Failure   Level
a - Beastly Appendage     Tmut           18%        N/A       8%          1
b - Wereblood             Tmut           9%         N/A       11%         2

Your spell library contained the following spells:

 Spells                   Type           Power      Damage    Failure   Level
 Spider Form              Tmut/Pois      5%         N/A       34%         3
 Ignite Poison            Fire/Tmut/Pois 4%         N/A       38%         3
 Conjure Flame            Conj/Fire      1%         6-21      50%         3
 Ice Form                 Ice/Tmut       5%         N/A       75%         4
 Sticky Flame             Conj/Fire      1%         2d3       88%         4


Dungeon Overview and Level Annotations

Branches:
Dungeon (2/15)

Altars:

Shops:
D:1 (

Annotations:
D:2 Sigmund


Innate Abilities, Weirdness & Mutations

One of your tentacles has grown a beastly spike.
You cannot wear most types of armour.
You are amphibious.
You can wear up to eight rings at the same time.
Your skin changes colour to match your surroundings (Stealth+).
Your rubbery body absorbs attacks. (AC +1, EV +1)
((You are camouflaged when in or above water. (Stealth+)))
You have tentacles for arms and can constrict up to eight enemies at once.


Message History

You hear an angry hiss.
A ball python comes into view.
You closely miss Sigmund. Your grab misses Sigmund.
Your tentacle spike misses Sigmund.
Sigmund barely misses you.
You completely miss Sigmund. Your grab misses Sigmund.
You pierce Sigmund, but do no damage.
The adder closely misses you. Sigmund gestures at you while chanting.
The puff of flame hits you.
You closely miss Sigmund. You grab Sigmund.
You constrict Sigmund, but do no damage.
The adder barely misses you. The adder closely misses you. Sigmund misses you.
You barely miss Sigmund.
You pierce Sigmund.
Sigmund is lightly wounded.
You constrict Sigmund. The adder bites you but does no damage.
You tentacle-slap Sigmund. You squeeze Sigmund, but do no damage.
Sigmund is moderately wounded.
Your transformation is almost over.
You constrict Sigmund. The adder closely misses you.
Sigmund closely misses you.
You tentacle-slap Sigmund.
Sigmund is moderately wounded.
You constrict Sigmund. The adder misses you.
You tentacle-slap Sigmund.
You pierce Sigmund.
Sigmund is heavily wounded.
You constrict Sigmund. The adder barely misses you.
Sigmund casts a spell.
Sigmund flickers and vanishes!
Deactivating autopickup; reactivate with Ctrl-A.
The ball python closely misses you. x2; The adder closely misses you.
You barely miss something.
Your tentacle spike misses something.
You constrict something. The ball python barely misses you.
The ball python misses you.
You hear some strange, mumbled words.
A magic dart appears from out of thin air!
The magic dart hits you! The adder bites you.
Unknown command.
You barely miss something. You tentacle-slap something.
You constrict something. The ball python misses you.
The ball python completely misses you. Something hits you!
You die...

........# ........#
........# ........#
........##########
.................#
......{S.........#
......S@.........#
..######.........##
#...........
#....)....# .##
#.........# ...##
###.....#.# #..>
#........####...
#..............>
#####...............


You could see an adder and a ball python.

Vanquished Creatures
  2 worms (D:1)
  2 ball pythons (D:1)
  2 bats (D:1)
  An endoplasm (D:1)
  4 giant cockroaches
  4 goblins
  A hobgoblin (D:1)
  2 jackals (D:1)
  2 quokkas (D:1)
  A frilled lizard (D:1)
  3 kobolds (D:1)
  4 rats
28 creatures vanquished.

Notes
Turn   | Place    | Note
-------+----------+-------------------------------------------
     0 | D:1      | Hasart the Octopode Transmuter began the quest for the Orb.
     0 | D:1      | Reached XP level 1. HP: 13/13 MP: 3/3
   223 | D:1      | Reached XP level 2. HP: 17/18 MP: 5/5
   226 | D:1      | Learned a level 2 spell: Wereblood
   243 | D:1      | Found a faded altar of an unknown god.
   793 | D:1      | Found Plog's Weapon Boutique.
   853 | D:1      | Reached XP level 3. HP: 23/23 MP: 6/6
  1423 | D:2      | Noticed Sigmund
  1443 | D:2      | Slain by Sigmund

Illustrated notes

Levels and vault maps discovered:
D:1:      nzn_arrival_crosshair, layout_loops_corners, serial_shops,
          nicolae_shop_temple_entry_statues_fountains, basic_ecumenical_altar,
          nicolae_wormholes
D:2:      layout_rooms, uniq_sigmund

Action                   || total
-------------------------++-------
Melee: Unarmed           ||    72
       Constrict         ||    18
       Tentacles         ||    15
       Punch             ||     3
       Kick              ||     6
 Cast: Beastly Appendage ||     3
 Stab: Sleeping          ||     8
Armor: Skin              ||     6
Dodge: Dodged            ||    49

Table legend: (Time is in decaauts)
 A = Elapsed time spent in this place.
 B = Non-inter-level travel time spent in this place.
 C = Inter-level travel time spent in this place.
 D = Time resting spent in this place.
 E = Time spent auto-exploring this place.
 F = Levels seen in this place.
 G = Mean time per level.
                   A        B        C        D        E       F      G
               +--------+--------+--------+--------+--------+-----+--------+
         Total |   1439 |   1360 |     79 |      0 |   1133 |   2 |  719.5 |
       Dungeon |   1439 |   1360 |     79 |      0 |   1133 |   2 |  719.5 |
               +--------+--------+--------+--------+--------+-----+--------+

Top non-repeatable levels by time:
     D:1: 1376 daAuts
     D:2: 62 daAuts
